 Dungeon Crawl Stone Soup version 0.19.1 (webtiles) character file.

199 CanadianGator the Sneak (level 5, -7/36 HPs)
             Began as an Octopode Monk on Nov 28, 2016.
             Mangled by CanadianGator's ghost (10 damage)
             ... on level 3 of the Dungeon.
             The game lasted 00:03:32 (1411 turns).

CanadianGator the Sneak (Octopode Monk)             Turns: 1411, Time: 00:03:33

Health: -7/36      AC:  7    Str: 16    XL:     5   Next: 77%
Magic:  5/5        EV: 21    Int: 10    God:
Gold:   78         SH:  0    Dex: 18    Spells: 0 memorised, 4 levels left

rFire  . . .     SeeInvis .       - Unarmed
rCold  . . .     Gourm    .     (no shield)
rNeg   . . .     Faith    .     (helmet restricted)
rPois  .         Spirit   .     (no amulet)
rElec  .         Reflect  .     m - +4 ring of protection
rCorr  .         Harm     .     (no ring)
MR     .....     Rnd*Rage +     (no ring)
Stlth  +++++..... Rnd*Tele +    (no ring)
                                (no ring)
                                (no ring)
                                (no ring)
                                (no ring)

@: mighty, agile, invisible
A: almost no armour, stealthy swim, amphibious, 8 rings, constrict 8, molten
scales 1, camouflage 1, berserk 1, clumsy 1, dopey 1, teleportitis 1, gelatinous
body 1, evolution 1
a: no special abilities


You were on level 3 of the Dungeon.
You were not hungry.

You visited 1 branch of the dungeon, and saw 3 of its levels.

You collected 78 gold pieces.

Inventory:

Jewellery
 m - a +4 ring of protection (left tentacle)
Scrolls
 b - a scroll of random uselessness {unknown}
 e - 3 scrolls of remove curse {unknown}
 k - a scroll of amnesia {unknown}
 n - a scroll of recharging {unknown}
 q - a scroll of enchant armour {unknown}
 r - a scroll of fear {unknown}
Potions
 c - a potion of might
 d - 3 potions of curing
 g - a potion of invisibility
 h - a potion of cancellation {unknown}
 i - a potion of agility
 j - 4 potions of brilliance {unknown}
 l - 2 potions of magic {unknown}
 o - a potion of lignification {unknown}
Comestibles
 a - a bread ration
 p - a slice of pizza


   Skills:
 + Level 3.6 Fighting
 * Level 4.3 Dodging
 * Level 4.4 Stealth
 * Level 4.2 Unarmed Combat


You had 4 spell levels left.
You didn't know any spells.

Dungeon Overview and Level Annotations

Branches:
Dungeon (3/15)

Altars:

Annotations:
D:3 CanadianGator's ghost, weakling HOMo


Innate Abilities, Weirdness & Mutations

You cannot wear most types of armour.
You are very stealthy in the water. (Stealth+)
You are amphibious.
You can wear up to eight rings at the same time.
You can use your tentacles to constrict eight enemies at once.
Your skin changes colour to match your surroundings (Stealth+).
Your rubbery body absorbs attacks. (AC +1, EV +1)
You are partially covered in molten scales. (AC +2)
You tend to lose your temper in combat.
You are clumsy. (Dex -2)
You are dopey. (Int -2)
You are occasionally teleported next to monsters.
You evolve.


Message History

* * * LOW HITPOINT WARNING * * *
You are too injured to fight recklessly!
It was a potion of mutation.
You feel extremely strange.
You feel clumsy.
You feel weirdly uncertain.
You feel a little pissed off.
CanadianGator's ghost barely misses you.
You feel extremely strange.
You feel nature experimenting on you.
Don't worry, failures die fast.
You feel stupid.
Molten scales grow over part of your body.
CanadianGator's ghost says very slowly, "There's no hope."
CanadianGator's ghost hits you.
* * * LOW HITPOINT WARNING * * *
It was a potion of might.
You feel very mighty all of a sudden.
CanadianGator's ghost completely misses you.
You are too injured to fight recklessly!
It was a potion of invisibility.
You fade into invisibility!
CanadianGator's ghost hits you!
You die...

...........$.......
...................
...................
..!................
.....!.†.).........
.......÷().........
........<(.........
....?...)..........
%..........@W......
...................
...................
...................
....>..............
####+###...#####+##
#...# #...#


You could see CanadianGator's ghost.

Vanquished Creatures
  An ogre (D:3)
  A worker ant (D:3)
  4 adders
  2 dart slugs
  2 giant cockroaches (D:2)
  5 goblins
  8 hobgoblins
  7 jackals
  7 kobolds
  A quokka (D:2)
  7 bats
  2 frilled lizards
  2 rats
49 creatures vanquished.

Notes
Turn   | Place    | Note
-------+----------+-------------------------------------------
     0 | D:1      | CanadianGator the Octopode Monk began the quest for the Orb.
     0 | D:1      | Reached XP level 1. HP: 16/16 MP: 1/1
    91 | D:1      | Reached XP level 2. HP: 15/21 MP: 2/2
   619 | D:2      | Reached XP level 3. HP: 22/26 MP: 3/3
  1041 | D:2      | Reached XP level 4. HP: 29/31 MP: 4/4
  1327 | D:3      | Noticed an ogre
  1339 | D:3      | Killed an ogre
  1339 | D:3      | Reached XP level 5. HP: 24/36 MP: 5/5
  1394 | D:3      | Noticed CanadianGator's ghost (weakling HOMo)
  1408 | D:3      | Gained mutation: You are clumsy. (Dex -2) [potion of mutation]
  1408 | D:3      | Gained mutation: You are occasionally teleported next to monsters. [potion of mutation]
  1408 | D:3      | Gained mutation: You tend to lose your temper in combat. [potion of mutation]
  1409 | D:3      | Gained mutation: You evolve. [potion of mutation]
  1409 | D:3      | Gained mutation: You are dopey. (Int -2) [potion of mutation]
  1409 | D:3      | Gained mutation: You are partially covered in molten scales. (AC +2) [potion of mutation]
  1411 | D:3      | Mangled by CanadianGator's ghost

Skill      XL: |  1  2  3  4 |
---------------+-------------+-----
Stealth        | 3 4 |  4.4
Dodging        | 4 |  4.3
Unarmed Combat | 4 |  4.2
Fighting       | |  3.6

Action                   |  1- 3 |  4- 6 || total
-------------------------+-------+-------++-------
Melee: Unarmed           |    62 |    47 ||   109
       Tentacles         |    12 |    11 ||    23
       Constrict         |    18 |     9 ||    27
       Punch             |     3 |     1 ||     4
  Use: Potion            |       |     6 ||     6
 Stab: Sleeping          |     5 |     3 ||     8
       Distracted        |       |     1 ||     1
  Eat: Chunk             |       |     2 ||     2
Armor: Skin              |     7 |     9 ||    16
Dodge: Dodged            |    40 |    37 ||    77
